 Dungeon Crawl Stone Soup version 0.29.0-11-gd7f09526c8 (webtiles) character file.

Game seed: 11748844301277755548

32151 Sobieck the Unseen (level 14, 0/90 HPs)
             Began as a Kobold Earth Elementalist on Sept 3, 2022.
             Was a High Priest of Uskayaw.
             Slain by an eight-headed hydra (4 damage)
             ... on level 4 of the Lair of Beasts on Sept 6, 2022.
             The game lasted 00:49:21 (18282 turns).

Sobieck the Unseen (Kobold Earth Elementalist)     Turns: 18282, Time: 00:49:21

Health: 0/90       AC:  9    Str:  6    XL:     14   Next: 1%
Magic:  23/23      EV: 24    Int: 16    God:    Uskayaw [*****.]
Gold:   819        SH: 11    Dex: 20    Spells: 14/17 levels left

rFire   . . .      SeeInvis .   a - +7 Spriggan's Knife {stab, EV+4 Stlth+}
rCold   + . .      Faith    .   S - +0 buckler
rNeg    . . .      Spirit   .   Y - +0 troll leather armour
rPois   .          Reflect  +   l - +2 hat
rElec   .          Harm     .   (no cloak)
rCorr   .          Rampage  .   W - +0 pair of gloves
Will    +....                   P - +1 pair of boots
Stlth   ++++++++..              n - amulet of reflection
HPRegen 1.05/turn               h - ring of protection from cold
MPRegen 0.18/turn               Q - ring of flight

@: flying
A: small, no large weapons, nightstalker 3
a: Renounce Religion, Stomp, Line Pass, Grand Finale


You were on level 4 of the Lair of Beasts.
You worshipped Uskayaw.
Uskayaw was pleased with you.
You visited 3 branches of the dungeon, and saw 16 of its levels.

You collected 1387 gold pieces.
You spent 568 gold pieces at shops.


Innate Abilities, Weirdness & Mutations

You are small and have problems with some larger weapons.
You are completely attuned to the shadows.


   Skills:
 + Level 11.0 Fighting
 - Level 10.0 Short Blades
 + Level 10.6 Dodging
 + Level 15.2 Stealth
 - Level 3.0 Shields
 - Level 2.1 Spellcasting
 - Level 1.0 Transmutations
 - Level 6.0 Earth Magic
 + Level 12.7 Invocations
 - Level 3.0 Evocations


You had 14 spell levels left.
You knew the following spells:

 Your Spells              Type           Power      Damage    Failure   Level
a - Sandblast             Erth           40%        2d10      4%          1
b - Passwall              Tmut/Erth      10%        N/A       17%         2

Your spell library contained the following spells:

 Spells                   Type           Power      Damage    Failure   Level
 Stone Arrow              Conj/Erth      22%        3d8       38%         3
 Petrify                  Tmut/Erth      12%        N/A       75%         4
 Lee's Rapid Deconstruct  Erth           10%        3d9*      75%         5
 Ignite Poison            Fire/Tmut/Pois 2%         N/A       77%         3
 Conjure Flame            Conj/Fire      1%         6-21      82%         3
 Dazzling Flash           Conj/Hex       2%         N/A       82%         3
 Ozocubu's Armour         Ice            1%         N/A       82%         3
 Fulminant Prism          Conj/Hex       0%         3d6       99%         4
 Iskenderun's Mystic Bla  Conj/Tloc      1%         2d3       99%         4
 Sticky Flame             Conj/Fire      1%         2d3       99%         4
 Agony                    Necr           1%         N/A       100%        5
 Silence                  Hex/Air        0%         N/A       100%        5
 Starburst                Conj/Fire      0%         6d3       100%        6
 Ozocubu's Refrigeration  Ice            0%         4d7       100%        7

Inventory:

Hand Weapons
 a - the +7 Spriggan's Knife (weapon) {stab, EV+4 Stlth+}
   (You found it on level 5 of the Dungeon)

   It is more effective when stabbing unaware enemies, sometimes treating them
   as though they were completely helpless.
   EV:        It affects your evasion (+4).
   Stlth:     It makes you more stealthy.
 b - a +3 sling of freezing
   (You bought it in a shop on level 7 of the Dungeon)
 f - a +1 vampiric mace {mace}
   (You found it on level 1 of the Dungeon)
 g - a +0 club {mace}
   (You found it on level 1 of the Dungeon)
 i - a +0 club {mace}
   (You took it off a goblin on level 1 of the Dungeon)
Missiles
 c - 8 poisoned darts {throwing}
 j - 5 curare-tipped darts {=fthrowing}
 p - 6 datura-tipped darts {throwing}
 y - 2 boomerangs of dispersal {=f!fthrowing}
 D - 3 atropa-tipped darts {throwing}
 E - 7 boomerangs {throwing}
Armour
 l - a +2 hat (worn)
   (You found it on level 4 of the Dungeon)
 P - a +1 pair of boots (worn)
   (You found it on level 4 of the Dungeon)
 S - a +0 buckler (worn)
   (You found it on level 6 of the Dungeon)
 T - a +4 ring mail of poison resistance
   (You found it on level 4 of the Dungeon)
 W - a +0 pair of gloves (worn)
   (You found it on level 4 of the Dungeon)
 Y - a +0 troll leather armour (worn)
   (You found it on level 9 of the Dungeon)
Magical Staves
 G - a staff of earth {!astaff}
   (You found it on level 3 of the Dungeon)
Jewellery
 h - a ring of protection from cold (left hand)
   (You found it on level 1 of the Dungeon)
 n - an amulet of reflection (around neck)
   (You found it on level 1 of the Dungeon)
 x - the amulet of Okawaru's Castigation {Spirit rElec rN+ Will- rCorr}
   (You found it on level 2 of the Dungeon)

   [amulet of guardian spirit]

   It causes incoming damage to be divided between your reserves of health and
   magic.
   rElec:     It insulates you from electricity.
   rN:        It protects you from negative energy.
   rCorr:     It protects you from acid and corrosion.
   Will:      It decreases your willpower.
 H - an amulet of the acrobat
   (You found it on level 8 of the Dungeon)
 K - a ring of positive energy
   (You found it on level 6 of the Dungeon)
 Q - a ring of flight (right hand)
   (You found it on level 4 of the Dungeon)
Wands
 v - a wand of iceblast (5)
   (You found it on level 4 of the Lair of Beasts)
 z - a wand of paralysis (5)
   (You found it on level 1 of the Lair of Beasts)
 A - a wand of acid (5)
   (You found it on level 2 of the Lair of Beasts)
 M - a wand of polymorph (9)
   (You found it on level 5 of the Dungeon)
 U - a wand of flame (31)
   (You found it on level 4 of the Dungeon)
Scrolls
 e - a scroll of vulnerability {!r!r}
 m - 7 scrolls of teleportation {@r4}
 o - 2 scrolls of silence {!r}
 r - a scroll of torment {!r}
 O - 4 scrolls of poison {!r}
 R - 2 scrolls of fear
Potions
 d - a potion of resistance {unknown}
 k - 6 potions of mutation {!q}
 q - 3 potions of cancellation
 s - 4 potions of lignification {!q}
 u - 8 potions of curing {@q1}
 w - 2 potions of brilliance
 F - 2 potions of degeneration {!q@e2}
 I - 2 potions of berserk rage {!q}
 J - 4 potions of attraction {!q}
 L - 2 potions of haste {@q3}
 V - 2 potions of flight
 X - 3 potions of ambrosia
 Z - 2 potions of magic
Miscellaneous
 t - a piece from Xom's chessboard (15/15)
   (You found it on level 1 of the Lair of Beasts)
 C - a condenser vane
   (You found it on level 4 of the Lair of Beasts)

Dungeon Overview and Level Annotations

Branches:
Dungeon (11/15) Zot: 26891  Temple (1/1) D:7 Zot: 5990    Lair (4/5) D:8 Zot: 19642
  Swamp (0/4) Lair:2       Spider (0/4) Lair:3          Orc (0/2) D:9
  Slime: Lair:4-5

Altars:
Cheibriados
Gozag
Nemelex Xobeh
Okawaru
Qazlal
Ru
Sif Muna
Trog
Uskayaw
Vehumet
Wu Jian
Zin

Shops:
D:6 *   D:7 :!(?

Annotations:
D:2 1 runed translucent door, Crazy Yiuf
D:3 exclusion: downstairs
D:4 exclusion: downstairs
Lair:3 exclusion: downstairs

#.....#..†#.#.......##
...#.#...†)...........#
#...#...................
#..##........##..<....#.
###....†.####..D.....#
.#...........>.........
........F..........#.##
..P$....###....#..P###
.$...†@#...##.#...###
...####D.[........#.###
..# #.#......)........
.# #####.<.............
.P...#..............
..............##....
###...........######
####>......##
#..P....######


You could see an eight-headed hydra and a bullfrog.


Message History

You hit the elephant. You hit the elephant. The elephant tramples you!
You hold your ground!
The elephant completely misses you.
You hit the elephant but do no damage. You hit the elephant but do no damage.
The elephant misses you.
The elephant trunk-slaps you but does no damage.
You hit the elephant. You block the elephant's attack. The elephant misses you.
The eight-headed hydra roars!
You hit the elephant.
Unknown command.
You hit the elephant but do no damage. The elephant tramples you!
You hold your ground!
The elephant completely misses you.
You hit the elephant but do no damage.
Unknown command.
You hit the elephant. The elephant barely misses you. x2
Unknown command.
You hit the elephant. The elephant closely misses you.
You block the elephant's attack.
You hit the elephant but do no damage.
The eight-headed hydra completely misses you.
The eight-headed hydra bites you.
* * * LOW HITPOINT WARNING * * *
The eight-headed hydra closely misses you.
The eight-headed hydra completely misses you.
The eight-headed hydra closely misses you.
The eight-headed hydra bites you but does no damage.
The eight-headed hydra bites you.
* * * LOW HITPOINT WARNING * * *
The eight-headed hydra completely misses you.
Unknown command.
Unknown command.
You hit the elephant but do no damage.
The elephant tramples you but does no damage.
The elephant trunk-slaps you.
* * * LOW HITPOINT WARNING * * *
Unknown command.
Unknown command.
Unknown command.
You hit the elephant but do no damage.
The eight-headed hydra completely misses you.
You block the eight-headed hydra's attack.
The eight-headed hydra bites you but does no damage.
The eight-headed hydra completely misses you.
You block the eight-headed hydra's attack.
The eight-headed hydra bites you!
* * * LOW HITPOINT WARNING * * *
You block the eight-headed hydra's attack.
The eight-headed hydra closely misses you.
Unknown command.
Unknown command.
You hit the elephant. You block the elephant's attack.
The elephant barely misses you.
You can now merge with and destroy a victim.
Unknown command.
You hit the elephant.
The eight-headed hydra barely misses you.
You block the eight-headed hydra's attack.
The eight-headed hydra misses you.
You block the eight-headed hydra's attack.
The eight-headed hydra misses you.
The eight-headed hydra completely misses you.
The eight-headed hydra misses you.
You block the eight-headed hydra's attack.
Unknown command.
Unknown command.
You hit the elephant but do no damage.
A bullfrog comes into view.
The elephant tramples you.
* * * LOW HITPOINT WARNING * * *
You hold your ground!
The elephant trunk-slaps you but does no damage.
Unknown command.
Unknown command.
The bullfrog croaks.
You hit the elephant. The eight-headed hydra misses you.
You block the eight-headed hydra's attack. x2
The eight-headed hydra closely misses you.
The eight-headed hydra bites you.
* * * LOW HITPOINT WARNING * * *
The eight-headed hydra closely misses you.
The eight-headed hydra barely misses you.
The eight-headed hydra misses you.
Unknown command.
Unknown command.
You hit the elephant.
You kill the elephant!
You have reached level 14!
Unknown command.
You puncture the eight-headed hydra!
You block the eight-headed hydra's attack.
The eight-headed hydra closely misses you.
You block the eight-headed hydra's attack.
The eight-headed hydra bites you!
* * * LOW HITPOINT WARNING * * *
The eight-headed hydra bites you!
* * * LOW HITPOINT WARNING * * *
The eight-headed hydra bites you!
* * * LOW HITPOINT WARNING * * *
The eight-headed hydra bites you.
You die...

Skill      XL: |  1  2  3  4  5  6  7  8  9 10 11 12 13 |
---------------+----------------------------------------+-----
Stealth        | 3 4 5 7 9 10 11 13 15 | 15.2
Short Blades   | 1 2 3 5 7 9 10 | 10.0
Earth Magic    | 4 5 6 |  6.0
Fighting       | 1 3 6 7 9 11 | 11.0
Dodging        | 3 5 6 8 10 | 10.6
Invocations    | 3 8 11 12 | 12.7
Shields        | 1 3 |  3.0
Evocations     | 2 3 |  3.0
Spellcasting   | |  2.1
Transmutations | |  1.0

Action                   |  1- 3 |  4- 6 |  7- 9 | 10-12 | 13-15 || total
-------------------------+-------+-------+-------+-------+-------++-------
Melee: Dagger            |       |     1 |     3 |       |       ||     4
       Knife             |       |       |   119 |   458 |   388 ||   965
Throw: Dart              |       |       |       |       |     5 ||     5
 Cast: Sandblast         |    40 |   115 |   118 |    52 |    30 ||   355
       Passwall          |       |     1 |     9 |    13 |     6 ||    29
Invok: Line Pass         |       |       |       |     1 |       ||     1
  Use: Scroll            |       |     6 |    11 |     8 |     7 ||    32
       Potion            |       |       |       |     7 |     2 ||     9
 Stab: Sleeping          |       |     1 |    24 |    35 |    14 ||    74
       Paralysed         |       |       |     1 |    23 |    19 ||    43
       Confused          |       |       |       |     2 |       ||     2
       Invisible         |       |       |       |       |     1 ||     1
Armor: Robe              |       |     8 |     9 |       |       ||    17
       Leather armour    |       |       |     5 |     3 |       ||     8
       Troll leather arm |       |       |       |    34 |    32 ||    66
Dodge: Dodged            |     5 |    22 |    76 |   241 |   226 ||   570
Block: Other             |       |    15 |    13 |       |       ||    28
       Reflection        |       |     1 |       |     1 |       ||     2
       Buckler           |       |       |    29 |   175 |   136 ||   340

Levels and vault maps discovered:
D:1:      dpeg_arrival_simpleton_a, layout_basic
D:2:      layout_rooms, shapermc_ecumenical_altar_starsandcircs,
          minmay_tetromino_t2, uniq_crazy_yiuf_cottage
D:3:      cheibrodos_helix_gallery, layout_loops_ring,
          grunt_temple_overflow_bloody_war
D:4:      layout_loops_cross
D:5:      minmay_octagon_keep, layout_basic,
          nicolae_ru_great_annihilating_truth, amcnicky_altar_gilded
D:6:      layout_loops_ring, nicolae_elemental_shop, item_on_display_a
D:7:      layout_layer_cave, minmay_temple_entry_water_ring, serial_shops,
          nicolae_shop_crystal, nicolae_shop_trees, shop,
          nicolae_shop_waterfront, hangedman_decor_peaks_small,
          chequers_serial_rivers_micro_b
D:8:      layout_gridville, dpeg_lair_monsters
D:9:      layout_roguey, mainiacjoe_overflow_surrounded_room, orc_0_dummy,
          minmay_misc_feat_rugged, nicolae_titane
D:10:     layout_cave_pools, grunt_temple_overflow_open,
          mainiacjoe_overflow_alcove_1, serial_co_window_serial,
          co_window_paths_a, co_window_paths_a, co_window_corner_a,
          co_window_of_opportunity_a, co_window_corner_a,
          co_window_unsneaky_path_d, co_window_broadway_c, co_window_broadway_a,
          co_window_unsneaky_path_d, co_window_paths_e, glass_columns_a,
          glass_columns_a, glass_columns_c, dreamdust_princess_bridge,
          minmay_nine_imps, uniq_josephine
D:11:     layout_loops_ring, lightli_corner_chamber, uniq_gastronok
Temple:   nicolae_temple_ecumenical_triangle
Lair:1:   layout_roguey, basic_altar, beast_lair_carwin_9, lemuel_fruit_fields,
          grunt_megastairs_1
Lair:2:   layout_regular_city, swamp_mist_pool, beast_lair_carwin_4,
          lemuel_fruit_fields, infiniplex_staircase_pool_2, lemuel_fruit_fields,
          uniq_nergalle
Lair:3:   layout_gridlike, spider_nest_entry_funnel_web, minivault_19,
          grunt_megastairs_5
Lair:4:   layout_loops_ring, slime_entry_1, uniq_rupert

Notes
Turn   | Place    | Note
-------+----------+-------------------------------------------
     0 | D:1      | Sobieck the Kobold Earth Elementalist began the quest for
                  | the Orb.
     0 | D:1      | Reached XP level 1. HP: 10/10 MP: 3/3
   205 | D:1      | Reached skill level 3 in Stealth
   292 | D:1      | Reached XP level 2. HP: 15/15 MP: 0/5
   617 | D:1      | Reached XP level 3. HP: 19/19 MP: 2/6
   905 | D:1      | Learned a level 2 spell: Passwall
   934 | D:1      | Reached skill level 1 in Short Blades
  1128 | D:1      | Reached skill level 4 in Stealth
  1193 | D:1      | Reached XP level 4. HP: 24/24 MP: 5/7
  1230 | D:1      | You pick up a book of Blasting and begin reading...
  1230 | D:1      | You add the spells Fulminant Prism, Iskenderun's Mystic
                  | Blast and Lee's Rapid Deconstruction to your library.
  1636 | D:2      | Reached skill level 4 in Earth Magic
  1752 | D:2      | Identified the amulet of Okawaru's Castigation {Spirit
                  | rElec rN+ Will- rCorr}
  1785 | D:2      | Found a faded altar of an unknown god.
  2132 | D:2      | Found a runed translucent door.
  2135 | D:2      | Noticed Crazy Yiuf
  2751 | D:3      | Reached skill level 2 in Short Blades
  2768 | D:3      | Found an iron altar of Okawaru.
  2768 | D:3      | Found a bloodstained altar of Trog.
  2793 | D:3      | Reached XP level 5. HP: 28/28 MP: 6/8
  3675 | D:3      | Reached XP level 6. HP: 32/32 MP: 3/9
  3905 | D:4      | Reached skill level 3 in Short Blades
  3905 | D:4      | Reached skill level 5 in Stealth
  3905 | D:4      | Reached skill level 5 in Earth Magic
  4690 | D:4      | Reached XP level 7. HP: 36/36 MP: 3/10
  4804 | D:4      | Reached skill level 4 in Short Blades
  4804 | D:4      | Reached skill level 6 in Stealth
  5192 | D:4      | Reached skill level 6 in Earth Magic
  5435 | D:5      | Entered Level 5 of the Dungeon
  5832 | D:5      | Reached skill level 5 in Short Blades
  5867 | D:5      | Reached skill level 7 in Stealth
  5889 | D:5      | Reached XP level 8. HP: 31/41 MP: 6/11
  6090 | D:5      | Found a hide-covered altar of Uskayaw.
  6197 | D:5      | Found a sacrificial altar of Ru.
  6248 | D:5      | Reached skill level 6 in Short Blades
  6630 | D:5      | Reached skill level 8 in Stealth
  6755 | D:5      | Found the +7 Spriggan's Knife {stab, EV+4 Stlth+}
  6773 | D:5      | Reached skill level 7 in Short Blades
  6880 | D:5      | Reached skill level 9 in Stealth
  6885 | D:5      | Reached skill level 1 in Fighting
  6970 | D:5      | Reached skill level 3 in Dodging
  7078 | D:5      | Became a worshipper of Uskayaw the Reveller
  7234 | D:5      | Reached * piety under Uskayaw
  7306 | D:6      | Reached ** piety under Uskayaw
  7307 | D:6      | Reached XP level 9. HP: 48/48 MP: 9/12
  7364 | D:6      | Reached skill level 2 in Fighting
  7364 | D:6      | Reached skill level 1 in Invocations
  7445 | D:6      | Found Uveig's Elemental Accessories.
  7454 | D:6      | Reached skill level 8 in Short Blades
  7509 | D:6      | Reached *** piety under Uskayaw
  7514 | D:6      | Reached skill level 4 in Dodging
  7514 | D:6      | Reached skill level 2 in Invocations
  8100 | D:6      | Reached skill level 3 in Fighting
  8357 | D:6      | Reached skill level 10 in Stealth
  8653 | D:7      | Found Piwon's Distillery.
  8658 | D:7      | Reached skill level 9 in Short Blades
  8706 | D:7      | Reached skill level 1 in Shields
  8775 | D:6      | Reached skill level 3 in Invocations
  8862 | D:7      | You add the spells Ozocubu's Armour and Ozocubu's
                  | Refrigeration to your library.
  8863 | D:7      | Found Qemydie's Magic Scroll Boutique.
  8868 | D:7      | Bought a scroll of identify for 30 gold pieces
  8868 | D:7      | Bought a scroll of blinking for 112 gold pieces
  8868 | D:7      | Bought a scroll of amnesia for 60 gold pieces
  8868 | D:7      | Bought a scroll of silence for 142 gold pieces
  9092 | D:7      | You add the spells Conjure Flame, Ignite Poison and Sticky
                  | Flame to your library.
  9093 | D:7      | Found a staircase to the Ecumenical Temple.
  9110 | Temple   | Entered the Ecumenical Temple
  9131 | D:7      | Reached skill level 5 in Dodging
  9131 | D:7      | Reached XP level 10. HP: 56/56 MP: 10/13
  9211 | D:7      | Bought a potion of mutation for 112 gold pieces
  9502 | D:7      | Found Ekheos's Antique Weapon Shoppe.
  9505 | D:7      | Reached skill level 4 in Fighting
  9532 | D:7      | Found Zakem's Book Boutique.
  9647 | D:8      | Reached skill level 10 in Short Blades
  9687 | D:7      | Bought a runed sling for 112 gold pieces
  9711 | D:8      | Noticed a death yak
  9714 | D:8      | Found a staircase to the Lair.
  9715 | D:8      | Noticed a death yak
  9715 | D:8      | Noticed a death yak
 10068 | D:8      | Reached skill level 2 in Shields
 10118 | D:8      | You pick up a book of the Senses and begin reading...
 10118 | D:8      | You add the spells Dazzling Flash, Agony and Silence to
                  | your library.
 10138 | D:8      | Reached skill level 4 in Invocations
 10658 | D:8      | Reached skill level 5 in Fighting
 10691 | D:8      | Killed a death yak
 10692 | D:8      | Reached skill level 3 in Shields
 10692 | D:8      | Reached skill level 5 in Invocations
 10702 | D:8      | Killed a death yak
 10703 | D:8      | Reached skill level 6 in Fighting
 10703 | D:8      | Reached skill level 6 in Invocations
 10705 | D:8      | Killed a death yak
 10706 | D:8      | Reached skill level 7 in Invocations
 10877 | D:8      | You pick up a book of Blasting and begin reading...
 11099 | D:9      | Found a staircase to the Orcish Mines.
 11133 | D:9      | Reached skill level 8 in Invocations
 11133 | D:9      | Reached XP level 11. HP: 42/64 MP: 15/17
 11561 | D:9      | Reached skill level 9 in Invocations
 11751 | D:9      | Found a radiant altar of Vehumet.
 12035 | D:9      | Reached skill level 10 in Invocations
 12243 | D:10     | Entered Level 10 of the Dungeon
 12551 | D:10     | Found a snail-covered altar of Cheibriados.
 12604 | D:10     | Found a sparkling altar of Nemelex Xobeh.
 12664 | D:10     | Reached **** piety under Uskayaw
 12675 | D:10     | Reached ***** piety under Uskayaw
 12855 | D:10     | Noticed Josephine
 12881 | D:10     | HP: 5/58 [Josephine/ghostly fireball (28)]
 12885 | D:10     | Killed Josephine
 12886 | D:10     | Reached skill level 11 in Invocations
 12904 | D:10     | Found a stormy altar of Qazlal.
 12982 | D:10     | Noticed a two-headed ogre
 12987 | D:10     | Killed a two-headed ogre
 13593 | D:11     | Reached skill level 6 in Dodging
 13679 | Lair:1   | Entered Level 1 of the Lair of Beasts
 13879 | Lair:1   | Reached skill level 7 in Fighting
 13879 | Lair:1   | Reached skill level 11 in Stealth
 13986 | Lair:1   | Reached XP level 12. HP: 72/72 MP: 17/20
 14012 | Lair:1   | Noticed a seven-headed hydra
 14059 | Lair:1   | Reached skill level 7 in Dodging
 14138 | Lair:1   | Killed a seven-headed hydra
 14214 | Lair:1   | Reached skill level 12 in Stealth
 14239 | Lair:1   | Reached skill level 8 in Fighting
 14250 | Lair:1   | Found a glowing silver altar of Zin.
 14285 | Lair:1   | Reached skill level 8 in Dodging
 14393 | Lair:1   | Reached skill level 9 in Fighting
 14393 | Lair:1   | Reached skill level 13 in Stealth
 14409 | Lair:1   | Reached skill level 1 in Evocations
 14984 | Lair:2   | Reached skill level 2 in Evocations
 15194 | Lair:2   | Noticed Nergalle
 15199 | Lair:2   | Killed Nergalle
 15275 | Lair:2   | Reached XP level 13. HP: 80/80 MP: 21/21
 15276 | Lair:2   | Reached skill level 3 in Evocations
 15386 | Lair:2   | Reached ****** piety under Uskayaw
 15436 | Lair:2   | Reached skill level 9 in Dodging
 15616 | Lair:2   | Noticed a boulder beetle
 15705 | Lair:2   | Reached skill level 14 in Stealth
 15762 | Lair:2   | Found a staircase to the Swamp.
 15826 | Lair:2   | Killed a boulder beetle
 15827 | Lair:2   | Reached skill level 10 in Fighting
 16064 | Lair:2   | Noticed an eight-headed hydra
 16075 | Lair:2   | Killed an eight-headed hydra
 16219 | Lair:3   | Reached skill level 12 in Invocations
 16775 | Lair:3   | Found a hole to the Spider Nest.
 16998 | Lair:3   | Reached skill level 10 in Dodging
 17092 | Lair:3   | You pick up a book of Spectacle and begin reading...
 17335 | Lair:4   | Noticed Rupert
 17336 | Lair:4   | Noticed an eight-headed hydra
 17345 | Lair:4   | HP: 18/83 [eight-headed hydra (7)]
 17915 | Lair:4   | Noticed a four-headed hydra
 18044 | Lair:4   | Paralysed by Rupert for 4 turns
 18049 | Lair:4   | HP: 4/83 [Rupert/+1 battleaxe of electrocution (26)]
 18054 | Lair:4   | HP: 18/83 [blink frog (9)]
 18065 | Lair:4   | Killed Rupert
 18066 | Lair:4   | Reached skill level 15 in Stealth
 18246 | Lair:4   | Reached skill level 11 in Fighting
 18282 | Lair:4   | Reached XP level 14. HP: 28/90 MP: 23/23
 18282 | Lair:4   | HP: 18/90 [eight-headed hydra (10)]
 18282 | Lair:4   | HP: 4/90 [eight-headed hydra (7)]
 18282 | Lair:4   | Slain by an eight-headed hydra

Vanquished Creatures
  Rupert (Lair:4)
  Josephine (D:10)
  2 hydras
  A boulder beetle (Lair:2)
  A two-headed ogre (D:10)
  A death yak (D:8)
  Nergalle (Lair:2)
  A wolf spider (Lair:3)
  12 elephants
  A gargoyle (D:10)
  2 black mambas
  8 cane toads
  5 komodo dragons
  2 rime drakes
  A troll (D:9)
  2 hornets
  2 polar bears
  12 blink frogs
  A shadow (D:9)
  4 wraiths
  16 yaks
  6 wyverns
  A basilisk (Lair:2)
  2 redbacks (Lair:3)
  2 steam dragons
  10 water moccasins
  3 orc warriors
  An ice beast (D:5)
  2 ogres (D:6)
  4 sky beasts
  5 black bears
  16 wolves
  4 centaurs
  A phantom (D:4)
  A kobold brigand (D:10)
  4 necrophages
  17 bullfrogs
  5 scorpions
  3 wights
  5 killer bees (D:8)
  An electric eel (Lair:2)
  A howler monkey (D:8)
  6 crimson imps (D:10)
  7 hounds
  2 jellies
  4 gnoll boudas
  An orc priest (D:9)
  5 iguanas
  8 orc wizards
  23 gnolls
  3 river rats (D:8)
  5 adders
  3 shadow imps
  3 white imps (D:10)
  2 ufetubi
  3 worms
  4 dart slugs
  19 orcs
  13 endoplasms
  4 giant cockroaches
  13 goblins
  10 hobgoblins
  A jackal (D:5)
  5 quokkas
  9 ball pythons
  8 bats
  3 frilled lizards
  5 kobolds
  11 rats
  A butterfly (Lair:1)
352 creatures vanquished.

Vanquished Creatures (collateral kills)
  2 death yaks (D:8)
  An elephant (Lair:4)
  2 blink frogs (Lair:4)
  A water moccasin (Lair:4)
6 creatures vanquished.

Vanquished Creatures (others)
  23 fungi
  36 plants
59 creatures vanquished.

Grand Total: 417 creatures vanquished

Table legend:
 A = Non-vault XP
 B = Vault XP
 C = Vault XP percentage of total XP
 D = Non-vault monster count
 E = Vault monster count
 F = Vault count percentage of total count
                 A         B        C        D         E       F
            +---------+---------+-------+---------+---------+-------
      Total |   30803 |   15128 |  32.9 |     286 |      71 |  19.9
            +---------+---------+-------+---------+---------+-------
        D:1 |      72 |       0 |   0.0 |      32 |       0 |   0.0
        D:2 |      39 |       3 |   7.1 |      18 |       2 |  10.0
        D:3 |     140 |      20 |  12.5 |      23 |       3 |  11.5
        D:4 |     514 |       0 |   0.0 |      27 |       0 |   0.0
        D:5 |     479 |     621 |  56.5 |      10 |      16 |  61.5
        D:6 |    1450 |       0 |   0.0 |      31 |       0 |   0.0
        D:7 |    1027 |       0 |   0.0 |      13 |       0 |   0.0
        D:8 |     894 |    2484 |  73.5 |      17 |      10 |  37.0
        D:9 |    2089 |       0 |   0.0 |      18 |       0 |   0.0
       D:10 |    1837 |    1876 |  50.5 |       8 |      13 |  61.9
       D:11 |     419 |       0 |   0.0 |       2 |       0 |   0.0
     Lair:1 |    5448 |    4265 |  43.9 |      18 |      13 |  41.9
     Lair:2 |    6951 |    2218 |  24.2 |      30 |       6 |  16.7
     Lair:3 |    5022 |    1861 |  27.0 |      23 |       7 |  23.3
     Lair:4 |    4422 |    1780 |  28.7 |      16 |       1 |   5.9
            +---------+---------+-------+---------+---------+-------

Illustrated notes

Table legend:
 A = Kills in this place as a percentage of kills in entire the game.
 B = Kills by you in this place as a percentage of kills by you in the entire game.
 C = Kills by friends in this place as a percentage of kills by friends in the entire game.
 D = Other kills in this place as a percentage of other kills in the entire game.
 E = Experience gained in this place as a percentage of experience gained in the entire game.
 F = Experience gained in this place divided by the number of levels of this place that you have seen.
                   A       B       C       D       E      F
               +-------+-------+-------+-------+-------+----------------------
         Total | 100.0 | 100.0 | 100.0 |   N/A | 100.0 | 2870.7
       Dungeon |  68.1 |  68.7 |  33.3 |   N/A |  30.4 | 1269.5
          Lair |  31.9 |  31.3 |  66.7 |   N/A |  69.6 | 7991.8
               +-------+-------+-------+-------+-------+----------------------

Table legend: (Time is in decaauts)
 A = Elapsed time spent in this place.
 B = Non-inter-level travel time spent in this place.
 C = Inter-level travel time spent in this place.
 D = Time resting spent in this place.
 E = Time spent auto-exploring this place.
 F = Levels seen in this place.
 G = Mean time per level.
                   A        B        C        D        E       F      G
               +--------+--------+--------+--------+--------+-----+--------+
         Total |  18050 |  17198 |    852 |   2819 |  11033 |  16 | 1128.1 |
       Dungeon |  13683 |  12963 |    720 |   2380 |   8260 |  11 | 1243.9 |
        Temple |      9 |      4 |      5 |      0 |      3 |   1 |    9.0 |
          Lair |   4356 |   4229 |    127 |    439 |   2770 |   4 | 1089.0 |
               +--------+--------+--------+--------+--------+-----+--------+

Top non-repeatable levels by time:
     D:5: 1658 daAuts
     D:4: 1654 daAuts
     D:3: 1537 daAuts
     D:1: 1526 daAuts
     D:6: 1405 daAuts
    D:10: 1335 daAuts
  Lair:3: 1268 daAuts
     D:8: 1243 daAuts
  Lair:2: 1236 daAuts
     D:9: 1198 daAuts
  Lair:1: 1109 daAuts
     D:7: 1099 daAuts
     D:2: 988 daAuts
  Lair:4: 742 daAuts
    D:11: 38 daAuts
